 Dungeon Crawl Stone Soup version 0.29-a0-1033-gb6c65ffae6 (webtiles) character file.

Game seed: 926918630288559617

6431 funkygono the Thaumaturge (level 10, -1/51 HPs)
             Began as a Deep Elf Air Elementalist on Aug 1, 2022.
             Was an Initiate of Vehumet.
             Slain by a wyvern (5 damage)
             ... on level 8 of the Dungeon on Aug 14, 2022.
             The game lasted 00:22:04 (9903 turns).

funkygono the Thaumaturge (DEAE)                    Turns: 9903, Time: 00:22:04

Health: -1/51      AC: 17    Str:  5    XL:     10   Next: 67%
Magic:  7/28       EV: 13    Int: 31    God:    Vehumet [......]
Gold:   437        SH:  0    Dex: 15    Spells: 24/34 levels left

rFire   . . .      SeeInvis .   e - +2 dagger (protect)
rCold   . . .      Faith    .   (no shield)
rNeg    + . .      Spirit   .   C - +2 steam dragon scales
rPois   .          Reflect  .   (no helmet)
rElec   .          Harm     .   o - +2 cloak
rCorr   .          Rampage  .   (no gloves)
Will    +....                   (no boots)
Stlth   +++.......              n - amulet of magic regeneration
HPRegen 0.17/turn               g - ring of positive energy
MPRegen 0.61/turn               A - +6 ring of intelligence

@: under a protective aura
A: no striking features
a: Renounce Religion


You were on level 8 of the Dungeon.
You worshipped Vehumet.
Vehumet was noncommittal.
You visited 2 branches of the dungeon, and saw 9 of its levels.
You also visited: Sewer.

You collected 437 gold pieces.

Inventory:

Hand Weapons
 e - a +2 dagger of protection (weapon)
 w - a +0 short sword of venom
 x - a +4 rapier of draining
 z - a +0 dagger of speed
 B - a +2 vorpal quarterstaff
Armour
 f - a +2 leather armour of poison resistance
 o - a +2 cloak (worn)
 y - a +0 robe of willpower
 C - +2 steam dragon scales (worn)
Jewellery
 g - a ring of positive energy (left hand)
 m - a ring of positive energy
 n - an amulet of magic regeneration (around neck)
 A - a +6 ring of intelligence (right hand)
 F - an amulet of faith
Wands
 D - a wand of iceblast (8)
 E - a wand of digging (7)
 H - a wand of mindburst (21)
Scrolls
 a - a scroll of poison
 c - 4 scrolls of blinking
 d - a scroll of amnesia
 l - 2 scrolls of identify
 q - a scroll of vulnerability
 s - a scroll of brand weapon
 t - a scroll of butterflies
Potions
 b - a potion of magic
 h - a potion of haste
 i - 2 potions of resistance
 j - 4 potions of curing
 k - a potion of might
 p - 2 potions of flight
 r - 2 potions of heal wounds
 u - 3 potions of mutation
 v - 2 potions of ambrosia
 G - 2 potions of cancellation {unknown}


   Skills:
 + Level 0.6 Fighting
 + Level 0.8 Short Blades
 + Level 1.3 Armour
 + Level 4.3 Dodging
 + Level 4.2 Stealth
 + Level 12.9 Spellcasting
 + Level 7.3 Conjurations
 + Level 10.6 Air Magic


You had 24 spell levels left.
You knew the following spells:

 Your Spells              Type           Power      Damage    Failure   Level
a - Shock                 Conj/Air       100%       1d9       1%          1
b - Static Discharge      Conj/Air       66%        3-12/arc  1%          2
c - Swiftness             Air            72%        N/A       1%          3
d - Airstrike             Air            36%        2d(6-22)  1%          4

Your spell library contained the following spells:

 Spells                   Type           Power      Damage    Failure   Level
 Ensorcelled Hibernation  Hex/Ice        40%        N/A       3%          2
 Passwall                 Tmut/Erth      16%        N/A       3%          2
 Confusing Touch          Hex            20%        N/A       8%          3
 Frozen Ramparts          Ice            40%        1d7       8%          3
 Ice Form                 Ice/Tmut       20%        N/A       24%         4
 Summon Ice Beast         Ice/Summ       20%        N/A       24%         4
 Yara's Violent Unravell  Hex/Tmut       10%        3d6       56%         5
 Enfeeble                 Hex            10%        N/A       100%        7


Dungeon Overview and Level Annotations

Branches:
Dungeon (8/15)             Temple (1/1) D:7           Sewer (visited)
   Lair: D:8-11

Altars:
Ashenzari
Cheibriados
Elyvilon
Fedhas
Gozag
Hepliaklqana
Kikubaaqudgha
Makhleb
Nemelex Xobeh
Okawaru
Qazlal
Ru
Sif Muna
Trog
Uskayaw
Vehumet
Xom
Yredelemnul
Zin
The Shining One

Annotations:
D:6 2 runed translucent doors, p0werm0de's ghost, novice OpMo


Message History

The wyvern barely misses you.
Casting: Airstrike (safe; 1% risk of failure)
Confirm with . or Enter, or press ? or * to list all spells.
Aiming: Airstrike (safe; 1% risk of failure)
Press: ? - help, Dir - move target, f/p - wyvern
Aim: a wyvern (heavily wounded, empty space bonus: 1/8)
The air twists around and strikes the wyvern!
The wyvern is severely wounded.
The wyvern bites you. The wyvern barely misses you.
The wyvern bites you but does no damage.
The wyvern barely misses you.
You hit the wyvern but do no damage.
Your weapon exudes an aura of protection.
The wyvern is severely wounded.
The wyvern closely misses you. The wyvern bites you.
You hit the wyvern.
The wyvern is almost dead.
The wyvern bites you but does no damage.
The wyvern barely misses you. The wyvern bites you!
* * * LOW HITPOINT WARNING * * *
You hit the wyvern but do no damage.
The wyvern is almost dead.
The wyvern bites you.
* * * LOW HITPOINT WARNING * * *
The wyvern barely misses you. The wyvern closely misses you.
Casting: Airstrike (safe; 1% risk of failure)
Confirm with . or Enter, or press ? or * to list all spells.
Aiming: Airstrike (safe; 1% risk of failure)
Press: ? - help, Dir - move target, f/p - wyvern
Aim: a wyvern (almost dead, empty space bonus: 1/8)
The air twists around and strikes the wyvern.
You kill the wyvern!
Vehumet accepts your kill.
The wyvern bites you but does no damage.
The wyvern bites you!
* * * LOW HITPOINT WARNING * * *
The wyvern misses you.
You see here a scroll of identify.
The wyvern bites you.
You die...

###.#.#.###.##.#.######
#.#....##.##.#.#
#.#.....#.##.#.#
###............#.#
..........#.####.#
###.........# #.#
###.#.##### #.# #.###
#.# #.# #@# ### #.#
#l#o.^#.. #.# #.h...†..
#####.# ###.#....
#.....# .# .. #.##### #
#.# #.# #.#


You could see a black bear and a wyvern.

Vanquished Creatures
  2 two-headed ogres
  Grinder (D:6)
  Eustachio (D:5)
  3 wyverns (D:8)
  10 yaks
  A basilisk (D:8)
  A steam dragon (D:6)
  A water moccasin (D:8)
  An orc warrior (D:6)
  2 black bears
  5 sky beasts
  2 ogres
  2 centaurs
  A phantom (D:5)
  Blork the orc (D:5)
  A kobold brigand (D:6)
  A bullfrog (D:8)
  A necrophage (D:4)
  6 scorpions
  5 wights
  A gnoll bouda (D:6)
  3 hounds (D:5)
  2 jellies
  An orc priest (D:7)
  Terence (D:3)
  3 iguanas
  A hell rat (Sewer)
  3 orc wizards
  8 gnolls
  5 adders
  3 river rats (Sewer)
  A white imp (D:7)
  An ufetubus (D:6)
  4 worms
  4 dart slugs (D:2)
  18 orcs
  3 endoplasms
  2 giant cockroaches
  11 goblins
  5 hobgoblins
  15 kobolds
  6 quokkas
  8 ball pythons
  3 bats
  3 frilled lizards
  16 rats
  3 rat zombies (D:6)
182 creatures vanquished.

Vanquished Creatures (others)
  3 plants (D:3)
3 creatures vanquished.

Grand Total: 185 creatures vanquished

Notes
Turn   | Place    | Note
-------+----------+-------------------------------------------
     0 | D:1      | funkygono the Deep Elf Air Elementalist began the quest for
                  | the Orb.
     0 | D:1      | Reached XP level 1. HP: 10/10 MP: 6/6
   512 | D:1      | Reached XP level 2. HP: 15/15 MP: 6/8
   618 | D:1      | Found a faded altar of an unknown god.
  1009 | D:1      | Learned a level 2 spell: Static Discharge
  1543 | D:2      | Reached XP level 3. HP: 19/19 MP: 6/10
  1547 | D:2      | Learned a level 3 spell: Swiftness
  2602 | D:3      | Reached skill level 4 in Spellcasting
  2662 | D:3      | Reached XP level 4. HP: 21/24 MP: 9/12
  2726 | D:3      | Learned a level 4 spell: Airstrike
  2729 | D:3      | Noticed Terence
  2732 | D:3      | Killed Terence
  3677 | D:4      | Reached XP level 5. HP: 28/28 MP: 10/14
  3794 | D:4      | Noticed an ogre
  3803 | D:4      | Killed an ogre
  3804 | D:4      | Reached skill level 5 in Spellcasting
  4023 | D:4      | Reached XP level 6. HP: 32/32 MP: 11/16
  4065 | D:4      | Found a glowing drain.
  4074 | Sewer    | Entered a sewer
  4495 | D:4      | Reached skill level 6 in Spellcasting
  4540 | D:4      | Reached skill level 5 in Air Magic
  5085 | D:5      | Entered Level 5 of the Dungeon
  5094 | D:5      | Reached XP level 7. HP: 25/36 MP: 10/19
  5195 | D:5      | Noticed a two-headed ogre
  5204 | D:5      | Killed a two-headed ogre
  5205 | D:5      | Reached skill level 8 in Spellcasting
  5205 | D:5      | Reached skill level 5 in Conjurations
  5205 | D:5      | Reached XP level 8. HP: 24/41 MP: 13/22
  5399 | D:5      | Noticed Blork the orc
  5405 | D:5      | Killed Blork the orc
  5650 | D:5      | Noticed Eustachio
  5659 | D:5      | Killed Eustachio
  5748 | D:5      | Reached skill level 9 in Spellcasting
  6351 | D:6      | Noticed Grinder
  6354 | D:6      | Killed Grinder
  6355 | D:6      | Reached XP level 9. HP: 30/46 MP: 19/24
  6356 | D:6      | Reached skill level 10 in Spellcasting
  6579 | D:6      | Found a large runed translucent door.
  6579 | D:6      | Found a large runed translucent door.
  6581 | D:6      | Noticed p0werm0de's ghost (novice OpMo)
  6620 | D:6      | Reached skill level 1 in Armour
  7287 | D:6      | Upgraded the game from 0.29-a0-973-gac7da5f7f0 to
                  | 0.29-a0-1027-gcd8c55af63
  7287 | D:6      | Upgraded the game from 0.29-a0-1027-gcd8c55af63 to
                  | 0.29-a0-1033-gb6c65ffae6
  7611 | D:6      | Found an ancient bone altar of Kikubaaqudgha.
  8188 | D:7      | Reached skill level 11 in Spellcasting
  8542 | D:7      | Identified the +1 trident "Jitrastra" {holy, rElec Dex+3}
  8573 | D:7      | Found a broken altar of Ashenzari.
  8578 | D:7      | Reached XP level 10. HP: 51/51 MP: 22/27
  8627 | D:7      | Found a staircase to the Ecumenical Temple.
  8635 | Temple   | Entered the Ecumenical Temple
  8728 | Temple   | Became a worshipper of Vehumet
  9136 | D:8      | Reached skill level 12 in Spellcasting
  9320 | D:8      | Noticed a two-headed ogre
  9326 | D:8      | Killed a two-headed ogre
  9696 | D:8      | Reached skill level 10 in Air Magic
  9895 | D:8      | Noticed an elephant
  9903 | D:8      | Slain by a wyvern

Illustrated notes

Levels and vault maps discovered:
D:1:      evilmike_arrival_plus, layout_loops_corners,
          shapermc_ecumenical_altar_ellora
D:2:      wander_river, layout_basic, nicolae_wormholes
D:3:      layout_loops_cross, chequers_big_river, grunt_ministairs_5,
          uniq_terence
D:4:      layout_gridville, serial_rivers, chequers_serial_rivers_large_b,
          chequers_serial_rivers_micro_d, chequers_serial_rivers_small_a,
          chequers_serial_rivers_small_a, chequers_serial_rivers_marsh,
          portal_sewer_entry_b, grunt_ministairs_2,
          chequers_serial_rivers_room_a
D:5:      layout_cave_pools, serial_rivers, chequers_serial_rivers_micro_c,
          chequers_serial_rivers_small_3, chequers_serial_rivers_small_3,
          chequers_serial_rivers_micro_b, st_stairs_13, uniq_eustachio,
          uniq_blork_the_orc
D:6:      cheibrodos_thug_alley, layout_basic,
          lemuel_zombie_altar_kikubaaqudgha, ebering_ghost_disaster_area,
          uniq_grinder
D:7:      layout_cave_pools, mainiacjoe_overflow_concentric_impassable,
          minmay_temple_entry_drinking_statues, item_on_display_a
D:8:      minmay_s_stair_smasher, layout_loops_ring, david_lair_generic,
          uniq_gastronok
Temple:   regret_index_temple_mists

Skill      XL: |  1  2  3  4  5  6  7  8  9 10 |
---------------+-------------------------------+-----
Conjurations   | 2 3 5 6 7 |  7.3
Spellcasting   | 4 5 6 8 9 11 12 | 12.9
Air Magic      | 4 5 6 8 10 | 10.6
Stealth        | 3 4 |  4.2
Dodging        | 3 4 |  4.3
Armour         | 1 |  1.3
Fighting       | |  0.6
Short Blades   | |  0.8

Action                   |  1- 3 |  4- 6 |  7- 9 | 10-12 || total
-------------------------+-------+-------+-------+-------++-------
Melee: Dagger            |       |       |    24 |     4 ||    28
 Cast: Shock             |    97 |    97 |   112 |    23 ||   329
       Static Discharge  |     4 |     9 |    36 |       ||    49
       Airstrike         |       |       |    39 |    42 ||    81
       Swiftness         |       |       |     2 |     1 ||     3
  Use: Scroll            |     9 |    13 |     3 |       ||    25
Armor: Robe              |       |     2 |       |       ||     2
       Leather armour    |       |     1 |    17 |       ||    18
       Steam dragon scal |       |       |    30 |     9 ||    39
Dodge: Dodged            |     2 |     5 |    43 |    13 ||    63

Table legend: (Time is in decaauts)
 A = Elapsed time spent in this place.
 B = Non-inter-level travel time spent in this place.
 C = Inter-level travel time spent in this place.
 D = Time resting spent in this place.
 E = Time spent auto-exploring this place.
 F = Levels seen in this place.
 G = Mean time per level.
                   A        B        C        D        E       F      G
               +--------+--------+--------+--------+--------+-----+--------+
         Total |  10043 |   9708 |    335 |    576 |   7497 |  10 | 1004.3 |
       Dungeon |   9573 |   9262 |    311 |    576 |   7154 |   8 | 1196.6 |
        Temple |    244 |    220 |     24 |      0 |    170 |   1 |  244.0 |
         Sewer |    225 |    225 |      0 |      0 |    172 |   1 |  225.0 |
               +--------+--------+--------+--------+--------+-----+--------+

Top non-repeatable levels by time:
     D:6: 1832 daAuts
     D:2: 1512 daAuts
     D:4: 1402 daAuts
     D:5: 1274 daAuts
     D:1: 1031 daAuts
     D:3: 982 daAuts
     D:7: 901 daAuts
     D:8: 637 daAuts
  Temple: 244 daAuts
   Sewer: 225 daAuts
